Map: Ulrena

Players

IIIIIIIIIIII - Winner!

  • Race: Terran Terran
  • League: Diamond

TTS

  • Race: Protoss Protoss
  • League: Platinum

VOD

Have the link to the VOD?

Description

Time

  • Played on: Feb. 24, 2016, 1:50 a.m.
  • Length: 6:35
Show
View Real Time Build Order
Export as new Build Order

IIIIIIIIIIII Terran - Winner!

Build Orders: Liberator Opening 

Get SALT Encoding   

  12  0:00  SCV  
  13  0:13  SCV  
  14  0:18  Supply Depot  
  14  0:25  SCV  
  15  0:39  SCV  
  15  0:42  Barracks  
  16  0:44  Refinery  
  16  0:51  SCV  
  17  1:03  SCV  
  18  1:05  Refinery  
  18  1:15  SCV  
  19  1:28  Orbital Command  
  19  1:30  Supply Depot, Barracks Reactor  
  19  1:46  Factory  
  19  1:55  SCV  
  20  2:06  Marine x2  
  20  2:07  SCV  
  23  2:15  Supply Depot  
  23  2:19  SCV  
  24  2:24  Marine x2  
  26  2:30  Factory Tech Lab, Starport  
  26  2:32  SCV  
  27  2:42  Marine x2  
  29  2:44  SCV  
  25  2:51  Liberator  
  30  2:52  Siege Tank  
  33  3:00  Marine x2  
  33  3:03  Supply Depot  
  38  3:15  Engineering Bay  
  38  3:20  Marine  
  38  3:25  Marine  
  38  3:26  Supply Depot  
  36  3:38  Marine  
  36  3:41  Liberator, Siege Tank  
  40  3:42  Marine  
  40  3:47  Missile Turret  
  41  3:56  Marine  
  41  4:00  Marine  
  46  4:12  Supply Depot  
  46  4:14  Marine  
  47  4:18  Marine  
  47  4:21  Siege Tank  
  51  4:31  Liberator  
  51  4:32  Marine  
  51  4:36  Marine  
  52  4:48  Supply Depot  
  52  4:49  Marine  
  56  4:54  Marine  
  57  5:02  SCV  
  58  5:07  Marine  
  58  5:11  Marine  
  58  5:14  Siege Tank  
  62  5:16  SCV  
  63  5:25  Marine  
  62  5:29  Marine  
  63  5:36  Supply Depot  
  63  5:43  Marine  
  63  5:46  Siege Tank  
  63  5:47  Marine  
  68  5:50  SCV  
  69  6:01  Marine  
  69  6:05  Marine  
  69  6:06  SCV  
  71  6:11  Command Center  
  71  6:13  Starport Reactor  
Show
View Real Time Build Order
Export as new Build Order

TTS Protoss 

Build Orders: Oracle Opening 

Get SALT Encoding   

  13  0:10  Pylon  
  12  0:15  Probe (Chrono Boost)  
  13  0:26  Probe (Chrono Boost)  
  14  0:30  Gateway  
  14  0:36  Probe (Chrono Boost)  
  15  0:48  Probe (Chrono Boost)  
  16  0:50  Assimilator  
  16  0:51  Assimilator  
  16  0:59  Probe (Chrono Boost)  
  17  1:10  Probe (Chrono Boost)  
  18  1:20  Probe (Chrono Boost)  
  18  1:21  Cybernetics Core  
  19  1:27  Pylon  
  19  1:31  Probe (Chrono Boost)  
  20  1:41  Probe (Chrono Boost)  
  21  1:52  Probe (Chrono Boost)  
  22  2:03  Stargate  
  22  2:04  Warp Gate, Probe (Chrono Boost)  
  22  2:07  Adept  
  25  2:38  Gateway  
  25  2:39  Pylon  
  25  2:40  Gateway  
  25  2:42  Adept  
  27  2:46  Oracle (Chrono Boost)  
  30  3:09  Gateway  
  34  3:24  Pylon  
  31  3:45  Oracle (Chrono Boost)  
  31  3:46  Probe  
  31  3:51  Pylon  
  31  3:57  Nexus  
  31  3:59  Mothership Core  
  29  4:17  Stalker x2  
  29  4:23  Probe  
  33  4:36  Probe  
  34  4:48  Probe (Chrono Boost)  
  35  4:56  Pylon, Sentry  
  35  4:57  Sentry  
  39  5:03  Probe (Chrono Boost)  
  40  5:08  Stalker  
  40  5:12  Adept  
  44  5:19  Probe (Chrono Boost)  
  41  5:25  Sentry  
  41  5:28  Adept  
  45  5:29  Probe (Chrono Boost)  
  45  5:35  Probe (Chrono Boost)  
  43  5:42  Adept x2  
  47  5:52  Adept  
  47  5:55  Adept  
  51  6:12  Adept x3  
  51  6:18  Adept  
Tags
 
Add a new tag
Caveats
  • Supply blocks, unpowered buildings, or Contaminate may cause inaccurate times.
  • Supply counts are checked every 10 seconds.